 Dungeon Crawl Stone Soup version 0.29-a0-23-ga79f92ac9c (webtiles) character file.

Game seed: 6694361454130772772

30 Hubjo the Grasshopper (level 3, -3/27 HPs)
             Began as a Vampire Warper on Jan 30, 2022.
             Was a Follower of Dithmenos.
             Slain by a worm (9 damage)
             ... on level 2 of the Dungeon.
             The game lasted 00:08:50 (753 turns).

Hubjo the Grasshopper (Vampire Warper)               Turns: 753, Time: 00:08:50

Health: -3/27      AC:  3    Str: 10    XL:     3   Next: 5%
Magic:  6/6        EV: 12    Int: 17    God:    Dithmenos [*.....]
Gold:   38         SH:  0    Dex: 13    Spells: 6/6 levels left

rFire   . . .      SeeInvis +   a - +0 short sword
rCold   . . .      Faith    .   (no shield)
rNeg    . . .      Spirit   .   b - +0 leather armour
rPois   .          Reflect  .   (no helmet)
rElec   .          Harm     .   (no cloak)
rCorr   .          Rampage  .   (no gloves)
Will    .....                   (no boots)
Stlth   +.........              (no amulet)
HPRegen 0.29/turn               (no ring)
MPRegen 0.10/turn               (no ring)

@: healing quickly, wreathed by umbra
A: alive, fangs 3, see invisible, vampiric 2
a: Exsanguinate, Renounce Religion


You were on level 2 of the Dungeon.
You worshipped Dithmenos.
Dithmenos was aware of your devotion.
You visited 1 branch of the dungeon, and saw 2 of its levels.

You collected 38 gold pieces.

Inventory:

Hand Weapons
 a - a +0 short sword (weapon)
 j - a +0 hunting sling
 k - a +0 falchion
Missiles
 d - 5 boomerangs of dispersal (quivered)
 e - 18 stones
 i - 15 bolts
Armour
 b - a +0 leather armour (worn)
Scrolls
 c - a scroll of blinking
Potions
 l - a potion of lignification {unknown}


   Skills:
 + Level 2.0 Fighting
 + Level 2.4 Short Blades
 + Level 0.7 Throwing
 + Level 0.9 Armour
 + Level 2.3 Dodging
 + Level 2.0 Spellcasting
 + Level 3.1 Translocations


You had 6 spell levels left.
You didn't know any spells.
Your spell library contained the following spells:

 Spells                   Type           Power      Damage    Failure   Level
 Blink                    Tloc           24%        N/A       11%         2
 Gell's Gravitas          Tloc           12%        N/A       22%         3
 Lesser Beckoning         Tloc           12%        N/A       22%         3
 Teleport Other           Tloc           12%        N/A       22%         3
 Manifold Assault         Tloc           12%        N/A       90%         5


Dungeon Overview and Level Annotations

Branches:
Dungeon (2/15)

Altars:
Dithmenos


Innate Abilities, Weirdness & Mutations

Your natural rate of healing is accelerated.
You have razor-sharp teeth.
You have supernaturally acute eyesight. (SInv)
You are afflicted with vampirism and can become a bat while bloodless.


Message History

You feel sick. The adder bites you but does no damage.
You closely miss the adder.
The adder is severely wounded.
* * * LOW HITPOINT WARNING * * *
You feel sick. The adder barely misses you.
You feel much better.
You feel sick. The adder misses you. The adder bites you.
You are more poisoned.
The adder poisons you!
You miss the adder.
The adder is severely wounded.
You feel sick. The adder barely misses you.
You hit the adder.
You kill the adder!
Dithmenos accepts your kill.
You feel sick.
Your Fighting skill increases to level 2!
You have reached level 3!
Your experience leads to an increase in your attributes!
Increase (S)trength, (I)ntelligence, or (D)exterity?
You feel clever. x2
You can now turn into a vampire bat when bloodless.
You hit the worm.
The worm is moderately wounded.
You feel sick.
You hit the worm.
The worm is moderately wounded.
You feel sick. The worm bites you!
You hit the worm.
The worm is moderately wounded.
You feel sick.
You barely miss the worm.
The worm is moderately wounded.
You feel sick. The worm bites you.
* * * LOW HITPOINT WARNING * * *
You hit the worm. You bite the worm.
The worm is heavily wounded.
You feel sick.
You are no longer poisoned.
The worm bites you!
You die...

.....
#... ...
###. [..
#. #.# #.
#.# #.
##.##
###.
##...##
#...
#.#w#.#
#.#.
###.@.###
#.#.
#.......#
# #.
#.##.##.#
#.#.
#.##.##§#
#.#.
#.##.##§#
#...
#.##.##.#
###.
#....>..#
### #.
####.####
#.# #.
#.# #.#.#
#.


You could see a worm.

Vanquished Creatures
  2 adders (D:2)
  2 bats (D:1)
  3 endoplasms
  A goblin (D:1)
  A hobgoblin (D:1)
  2 frilled lizards
  A rat (D:1)
12 creatures vanquished.

Vanquished Creatures (others)
  2 fungi (D:1)
2 creatures vanquished.

Grand Total: 14 creatures vanquished

Notes
Turn   | Place    | Note
-------+----------+-------------------------------------------
     0 | D:1      | Hubjo the Vampire Warper began the quest for the Orb.
     0 | D:1      | Reached XP level 1. HP: 16/16 MP: 3/3
   165 | D:1      | Found a faded altar of an unknown god.
   175 | D:1      | Prayed at the altar of an unknown god.
   175 | D:1      | Became a worshipper of Dithmenos the Shadowed
   175 | D:1      | Reached * piety under Dithmenos
   268 | D:1      | Reached XP level 2. HP: 21/22 MP: 5/5
   555 | D:1      | Reached skill level 3 in Translocations
   745 | D:2      | HP: 1/22 [poisoned by an adder]
   749 | D:2      | Gained mutation: You are afflicted with vampirism and can
                  | become a bat while bloodless. [Vampire growth]
   749 | D:2      | Reached XP level 3. HP: 20/27 MP: 6/6
   753 | D:2      | Slain by a worm

Illustrated notes

Levels and vault maps discovered:
D:1:      dpeg_arrival_three_same_balls, layout_loops_corners,
          shapermc_ecumenical_altar_mp_urbaneastern
D:2:      layout_loops_cross, basic_altar, corner_web_ring, patterned_corridor

Skill      XL: |  1  2 |
---------------+-------+-----
Translocations | 3 |  3.1
Fighting       | 2 |  2.0
Short Blades   | |  2.4
Throwing       | |  0.7
Armour         | |  0.9
Dodging        | |  2.3
Spellcasting   | |  2.0

Action                   || total
-------------------------++-------
Melee: Short sword       ||    54
       Bite              ||     9
  Use: Scroll            ||     2
       Potion            ||     1
Armor: Leather armour    ||    12
Dodge: Dodged            ||    32

Table legend: (Time is in decaauts)
 A = Elapsed time spent in this place.
 B = Non-inter-level travel time spent in this place.
 C = Inter-level travel time spent in this place.
 D = Time resting spent in this place.
 E = Time spent auto-exploring this place.
 F = Levels seen in this place.
 G = Mean time per level.
                   A        B        C        D        E       F      G
               +--------+--------+--------+--------+--------+-----+--------+
         Total |    752 |    145 |    607 |      0 |      0 |   2 |  376.0 |
       Dungeon |    752 |    145 |    607 |      0 |      0 |   2 |  376.0 |
               +--------+--------+--------+--------+--------+-----+--------+

Top non-repeatable levels by time:
     D:1: 590 daAuts
     D:2: 161 daAuts
